 Dungeon Crawl Stone Soup version 0.29-a0-320-g9f8742066b (webtiles) character file.

Game seed: 12848687814098941092

782 Crownlay the Carver (level 7, -5/51 (57) HPs)
             Began as a Minotaur Berserker on Apr 2, 2022.
             Was a Believer of Trog.
             Slain by an iguana (8 damage)
             ... on level 4 of the Dungeon.
             The game lasted 00:05:47 (3901 turns).

Crownlay the Carver (Minotaur Berserker)            Turns: 3901, Time: 00:05:48

HP:   -5/51 (57)    AC: 17    Str: 24    XL:     7   Next: 55%
MP:   6/6           EV:  8    Int:  4    God:    Trog [**....]
Gold: 187           SH:  5    Dex:  9    Spells: 6/6 levels left

rFire   . . .      SeeInvis .   a - +0 falchion
rCold   . . .      Faith    .   (no shield)
rNeg    . . .      Spirit   .   r - +0 chain mail
rPois   +          Reflect  +   (helmet restricted)
rElec   .          Harm     .   s - +0 cloak
rCorr   .          Rampage  .   (no gloves)
Will    ++...                   x - +1 pair of boots
Stlth   ..........              l - amulet of reflection
HPRegen 1.17/turn               c - ring of poison resistance
MPRegen 0.10/turn               m - +4 ring of protection

@: strong-willed (expiring), on berserk cooldown, attractive, regenerating
(expiring), slowed, heavily drained, very slow
A: horns 2, retaliatory headbutt
a: Renounce Religion, Berserk, Trog's Hand


You were on level 4 of the Dungeon.
You worshipped Trog.
Trog was pleased with you.
You visited 1 branch of the dungeon, and saw 5 of its levels.

You collected 187 gold pieces.

Inventory:

Hand Weapons
 a - a +0 falchion (weapon)
 t - a +1 vorpal flail
Missiles
 o - 6 poisoned darts
 A - a throwing net (quivered)
Armour
 r - a +0 chain mail (worn)
 s - a +0 cloak (worn)
 x - a +1 pair of boots (worn)
Jewellery
 c - a ring of poison resistance (left hand)
 h - a +4 ring of evasion
 l - an amulet of reflection (around neck)
 m - a +4 ring of protection (right hand)
 n - a ring of ice
 u - an amulet of the acrobat
Scrolls
 b - 2 scrolls of fear {unknown}
 i - 2 scrolls of blinking {unknown}
 k - 3 scrolls of magic mapping {unknown}
 p - 3 scrolls of identify {unknown}
 q - a scroll of fog {unknown}
 v - 2 scrolls of torment {unknown}
 y - a scroll of enchant armour {unknown}
 z - a scroll of noise {unknown}
 B - a scroll of teleportation {unknown}
Potions
 d - a potion of heal wounds {unknown}
 e - a potion of attraction
 f - a potion of cancellation {unknown}
 g - 2 potions of flight {unknown}
 j - a potion of mutation {unknown}
 w - a potion of ambrosia {unknown}


   Skills:
 - Level 3.6 Fighting
 * Level 8.9 Long Blades
 + Level 1.8 Throwing
 + Level 6.0 Armour
 - Level 2.1 Dodging


You had 6 spell levels left.
You didn't know any spells.
Your spell library was empty.

Dungeon Overview and Level Annotations

Branches:
Dungeon (5/15)             Temple (0/1) D:4

Altars:
Cheibriados
Sif Muna
The Shining One

Annotations:
D:5 Sigmund


Innate Abilities, Weirdness & Mutations

You have a pair of horns on your head.
You reflexively headbutt those who attack you in melee.


Message History

You headbutt the iguana, but do no damage.
You hit the iguana.
The iguana is lightly wounded.
You block the orc's attack.
The iguana bites you but does no damage.
You hit the orc. Your headbutt misses the orc.
The orc is almost dead.
The orc closely misses you. The iguana bites you!
* * * LOW HITPOINT WARNING * * *
You block the orc's attack. The iguana completely misses you.
You furiously retaliate!
You headbutt the iguana! You hit the orc.
You kill the orc!
Trog accepts your kill.
The iguana bites you but does no damage.
You hit the iguana but do no damage. Your headbutt misses the iguana.
The iguana is severely wounded.
The iguana barely misses you. You block the gnoll's attack.
You hit the iguana but do no damage.
The iguana is severely wounded.
The iguana barely misses you. The gnoll barely misses you.
The iguana bites you but does no damage.
The gnoll closely misses you.
You completely miss the iguana.
You headbutt the iguana, but do no damage.
The iguana is severely wounded.
The iguana bites you!
* * * LOW HITPOINT WARNING * * *
The gnoll hits you but does no damage.
You hit the iguana but do no damage.
The iguana is severely wounded.
The iguana bites you.
* * * LOW HITPOINT WARNING * * *
The gnoll hits you with a +0 whip.
* * * LOW HITPOINT WARNING * * *
It was a potion of attraction.
You feel attractive to monsters.
You feel the effects of Trog's Hand fading.
The iguana bites you!
You die...

### ####
###.## #..#
#@l..# #
##.## ##g..#
######..#
#...#
....##..#
#...##
.......##
#....#
....#..#
#....#
..###..#
#####....#
####..##
#........##
.....).##
##........##


You could see an iguana and a gnoll.

Vanquished Creatures
  Menkaure (D:4)
  An ogre (D:4)
  3 scorpions
  The ghost of kae the Firebug, a weakling TeFE (D:3)
  A hound (D:4)
  An orc priest (D:3)
  A gnoll shaman (D:4)
  An iguana (D:4)
  7 gnolls
  10 adders
  3 worms (D:3)
  5 dart slugs
  11 orcs
  5 ball pythons
  5 bats
  3 endoplasms
  2 giant cockroaches
  5 hobgoblins
  6 jackals
  4 kobolds
  2 quokkas
  4 frilled lizards
  5 goblins
  3 rats
90 creatures vanquished.

Vanquished Creatures (others)
  38 fungi (D:3)
38 creatures vanquished.

Grand Total: 128 creatures vanquished

Notes
Turn   | Place    | Note
-------+----------+-------------------------------------------
     0 | D:1      | Crownlay the Minotaur Berserker began the quest for the
                  | Orb.
     0 | D:1      | Reached XP level 1. HP: 19/19 MP: 0/0
   142 | D:1      | Reached skill level 4 in Long Blades
   338 | D:1      | Reached XP level 2. HP: 25/26 MP: 1/1
   951 | D:2      | Found a glowing golden altar of the Shining One.
  1133 | D:2      | Noticed a scorpion
  1137 | D:2      | Killed a scorpion
  1138 | D:2      | Reached skill level 5 in Long Blades
  1138 | D:2      | Reached XP level 3. HP: 31/31 MP: 2/2
  1138 | D:2      | Reached XP level 4. HP: 39/39 MP: 3/3
  1382 | D:2      | Found a faded altar of an unknown god.
  1576 | D:3      | Found a runed translucent door.
  1583 | D:3      | Reached skill level 6 in Long Blades
  1585 | D:3      | Reached ** piety under Trog
  1586 | D:3      | Reached XP level 5. HP: 45/45 MP: 4/4
  2258 | D:3      | Found a shimmering blue altar of Sif Muna.
  2328 | D:3      | Found a snail-covered altar of Cheibriados.
  2490 | D:3      | Noticed kae's ghost (weakling TeFE)
  2498 | D:3      | Killed kae's ghost
  2549 | D:4      | Reached skill level 7 in Long Blades
  2549 | D:4      | Reached XP level 6. HP: 36/51 MP: 5/5
  2679 | D:4      | Noticed Menkaure
  2687 | D:4      | Killed Menkaure
  2688 | D:4      | Reached skill level 5 in Armour
  2689 | D:4      | Reached skill level 8 in Long Blades
  2918 | D:4      | Reached XP level 7. HP: 41/57 MP: 6/6
  3092 | D:4      | Found a staircase to the Ecumenical Temple.
  3145 | D:4      | Reached skill level 1 in Throwing
  3872 | D:5      | Entered Level 5 of the Dungeon
  3878 | D:5      | Noticed Sigmund
  3900 | D:4      | HP: 2/51 [gnoll/+0 whip (4)]
  3901 | D:4      | Slain by an iguana

Illustrated notes

Levels and vault maps discovered:
D:1:      dpeg_arrival_tiny_k, layout_basic
D:2:      layout_basic, hellmonk_ecumenical_altar_blasted, basic_altar,
          minmay_tromino_v4_c
D:3:      layout_basic, mainiacjoe_overflow_catch_the_wave,
          ebering_ghost_reflecting_pool
D:4:      layout_cave_pods, minmay_temple_entry_waves, uniq_menkaure
D:5:      layout_cave_pools, general_overflow_altar, grunt_ministairs_8,
          small_statue_intersection, chequers_serial_rivers_micro_b,
          uniq_sigmund

Skill      XL: |  1  2  3  4  5  6  7 |
---------------+----------------------+-----
Long Blades    | 4 5 6 7 8 |  8.9
Armour         | 3 4 5 6 |  6.0
Throwing       | 1 |  1.8
Fighting       | |  3.6
Dodging        | |  2.1

Action                   |  1- 3 |  4- 6 |  7- 9 || total
-------------------------+-------+-------+-------++-------
Melee: Falchion          |    67 |   137 |    91 ||   295
       Headbutt          |     5 |    28 |    13 ||    46
       Punch             |     1 |     2 |     1 ||     4
Invok: Berserk           |     1 |     3 |     2 ||     6
       Trog's Hand       |       |     1 |     2 ||     3
  Use: Potion            |       |       |     1 ||     1
Armor: Leather armour    |    19 |    10 |       ||    29
       Animal skin       |     3 |       |       ||     3
       Chain mail        |       |    46 |    48 ||    94
Dodge: Dodged            |    52 |    34 |    40 ||   126
Block: Other             |       |    31 |    19 ||    50
       Reflection        |       |     1 |       ||     1

Table legend: (Time is in decaauts)
 A = Elapsed time spent in this place.
 B = Non-inter-level travel time spent in this place.
 C = Inter-level travel time spent in this place.
 D = Time resting spent in this place.
 E = Time spent auto-exploring this place.
 F = Levels seen in this place.
 G = Mean time per level.
                   A        B        C        D        E       F      G
               +--------+--------+--------+--------+--------+-----+--------+
         Total |   3942 |   3750 |    192 |      0 |   3042 |   5 |  788.4 |
       Dungeon |   3942 |   3750 |    192 |      0 |   3042 |   5 |  788.4 |
               +--------+--------+--------+--------+--------+-----+--------+

Top non-repeatable levels by time:
     D:4: 1357 daAuts
     D:3: 971 daAuts
     D:2: 809 daAuts
     D:1: 785 daAuts
     D:5: 18 daAuts
